AoeStats
← stepsm193

Lombardia

508051859Analyzed
3v3 RM · 11d ago on Sep 20, 2026· 72m 59s· 6 players
Game mode
Random Map
Map size
Normal (6 player)
Population
200
Speed
Normal
Resources
Standard
Victory
Conquest
Starting age
Dark Age
Ending age
Imperial Age
RankedLock teamsTeams togetherTeam positionsShared explorationLock speedFull tech treeHidden civsTurbo modeCheats
Victory
Defeat
🇮🇹 Byzantines · Italy
1055
+17
🇮🇹 Britons · Italy
1042
+17
🇮🇹 Lithuanians · Italy
1010
+19
🇩🇪 Hindustanis · Germany
1110
-19
🇩🇪 Teutons · Germany
1106
-20
🇩🇪 Franks · Germany
990
-27
stepsm193
0:38 Loom
10:35 Feudal Age
18:56 Castle Age
17:26 Double-Bit Axe
17:24 Horse Collar
17:55 Stone Mining
21:26 Fletching
23:49 Wheelbarrow
24:24 Ballistics
24:56 Bodkin Arrow
26:18 Padded Archer Armor
26:17 Gold Mining
29:44 Bow Saw
29:36 Heavy Plow
35:39 Imperial Age
35:06 Leather Archer Armor
35:22 Fortified Wall
37:25 Conscription
37:10 Bracer
38:16 Chemistry
38:28 Yeomen
39:10 Ring Archer Armor
40:06 Hand Cart
40:24 Town Watch
43:14 Elite Longbowman
44:36 Murder Holes
44:27 Arrowslits
44:54 Masonry
51:41 Siege Engineers
52:07 Architecture
53:27 Gold Shaft Mining
53:45 Hoardings
53:15 Warwolf
54:24 Caravan
56:00 Two-Man Saw
56:42 Treadmill Crane
58:50 Guilds
63:19 Hoardings
Jan2427
11:35 Feudal Age
9:51 Loom
16:14 Castle Age
15:12 Double-Bit Axe
16:12 Wheelbarrow
19:26 Horse Collar
26:09 Scale Barding Armor
28:39 Hand Cart
32:14 Imperial Age
30:33 Scale Mail Armor
30:44 Forging
30:36 Fletching
31:18 Gold Mining
31:51 Chain Barding Armor
31:49 Chain Mail Armor
32:30 Squires
31:51 Pikeman
32:17 Arson
33:10 Bow Saw
34:19 Conscription
33:24 Halberdier
35:51 Plate Mail Armor
35:57 Iron Casting
35:40 Fortified Wall
37:14 Two-Man Saw
38:59 Chain Barding Armor
39:04 Ballistics
38:40 Murder Holes
39:46 Chemistry
42:13 Heavy Plow
44:21 Crop Rotation
47:22 Bodkin Arrow
48:55 Caravan
52:15 Logistica
51:27 Elite Cataphract
57:58 Plate Barding Armor
LordGiamma
10:56 Feudal Age
9:11 Loom
12:43 Wheelbarrow
12:19 Double-Bit Axe
14:57 Castle Age
20:33 Hand Cart
21:00 Horse Collar
24:27 Gold Mining
26:17 Stone Mining
29:59 Imperial Age
28:24 Bow Saw
28:27 Forging
28:41 Scale Barding Armor
29:14 Stone Shaft Mining
28:26 Treadmill Crane
30:03 Iron Casting
29:18 Fletching
29:49 Bloodlines
29:40 Husbandry
31:01 Conscription
30:17 Elite Leitis
31:14 Heavy Plow
31:38 Town Watch
33:19 Two-Man Saw
32:45 Chain Barding Armor
32:21 Bodkin Arrow
33:03 Ballistics
33:06 Town Patrol
33:09 Light Cavalry
35:53 Winged Hussar
38:01 Caravan
37:47 Cavalier
39:08 Plate Barding Armor
39:10 Tower Shields
41:00 Pikeman
41:41 Squires
42:35 Halberdier
60:54 Arson
68:43 Paladin
72:55 Scale Mail Armor
HdzedLp
10:53 Feudal Age
9:09 Loom
15:55 Castle Age
16:10 Double-Bit Axe
16:24 Gold Mining
24:27 Forging
26:09 Husbandry
28:13 Scale Barding Armor
29:19 Chain Barding Armor
34:43 Imperial Age
33:55 Wheelbarrow
33:33 Stone Mining
34:46 Iron Casting
34:03 Fletching
36:41 Bow Saw
36:37 Chivalry
36:08 Cavalier
37:59 Paladin
41:30 Blast Furnace
44:36 Ballistics
45:17 Chemistry
46:48 Plate Barding Armor
46:09 Bodkin Arrow
51:58 Padded Archer Armor
53:18 Murder Holes
52:49 Crossbowman
58:28 Light Cavalry
64:12 Elite Skirmisher
ThatBoii
7:08 Loom
11:03 Feudal Age
15:38 Castle Age
13:40 Double-Bit Axe
13:51 Horse Collar
19:13 Husbandry
23:33 Bow Saw
25:21 Bloodlines
26:29 Wheelbarrow
27:31 Scale Barding Armor
28:47 Forging
28:58 Chain Barding Armor
33:02 Imperial Age
31:20 Hand Cart
31:48 Iron Casting
33:01 Heavy Plow
33:07 Heavy Camel Rider
34:26 Plate Barding Armor
34:52 Blast Furnace
33:55 Gold Mining
35:12 Two-Man Saw
36:06 Gold Shaft Mining
36:05 Conscription
36:51 Hoardings
36:45 Imperial Camel Rider
39:29 Elite Ghulam
51:22 Thumb Ring
51:40 Ballistics
52:21 Chemistry
52:02 Scale Mail Armor
51:53 Fletching
52:04 Padded Archer Armor
51:58 Stone Mining
53:13 Elite Skirmisher
Vice
10:15 Feudal Age
8:31 Loom
15:49 Castle Age
14:24 Horse Collar
14:39 Double-Bit Axe
19:40 Heavy Plow
19:53 Squires
21:20 Fletching
21:59 Stone Mining
22:53 Pikeman
25:48 Wheelbarrow
28:13 Hand Cart
27:52 Gold Mining
33:12 Imperial Age
31:46 Bow Saw
31:55 Forging
31:46 Scale Mail Armor
32:37 Town Watch
33:36 Iron Casting
33:52 Elite Teutonic Knight
34:53 Conscription
35:12 Stone Shaft Mining
36:10 Two-Man Saw
36:12 Halberdier
39:10 Blast Furnace
38:26 Chain Mail Armor
38:49 Arrowslits
39:26 Ballistics
39:08 Bodkin Arrow
38:43 Capped Ram
39:48 Ironclad
39:47 Masonry
52:18 Padded Archer Armor
53:20 Chemistry
52:53 Plate Mail Armor
51:46 Elite Skirmisher
61:03 Onager
66:57 Bloodlines
68:02 Scale Barding Armor
69:43 Crop Rotation
Connection lost

Rejoining the realm…

Still unreachable

The connection could not be restored.

Session expired

The server has moved on; the page needs a fresh start.